 Dungeon Crawl Stone Soup version 0.31.0-1-g2c135a0 (webtiles) character file.

Game seed: 8066131221070476684

315934 malesh the Peltast (level 21, -5/143 HPs)
             Began as a Gargoyle Fighter on Jan 24, 2024.
             Was the Champion of Qazlal.
             Killed from afar by a starcursed mass (14 damage)
             ... with an accursed screaming
             ... on level 5 of the Abyss on Feb 6, 2024.
             The game lasted 02:52:01 (34835 turns).

malesh the Peltast (Gargoyle Fighter)              Turns: 34835, Time: 02:52:02

Health: -5/143     AC: 51    Str: 23    XL:     21   Next: 39%
Magic:  9/28       EV: 16    Int:  9    God:    Qazlal [******]
Gold:   1956       SH: 26    Dex: 17    Spells: 17/20 levels left

rFire   + + .        a - +0 morningstar (protect)
rCold   + . .        h - +2 kite shield {rF+}
rNeg    + . .        G - +3 scale mail {rF+}
rPois   ∞            m - +2 helmet
rElec   +            d - +2 cloak {rCorr}
rCorr   +            t - +2 pair of gloves
SInv    .            c - +2 pair of boots
Will    +....        q - amulet of regeneration Stlth
                     R - +6 ring of dexterity
HPRegen 1.23/turn    g - ring of protection from cold
MPRegen 0.21/turn

%: repel missiles
@: under a protective aura, flying, wreathed by umbra
A: sickness immunity, AC +16, big wings, negative energy resistance 1,
electricity resistance, torment resistance 1, petrification resistance, dopey 1,
weak 1, inability to read after injury 1, [clumsy 1], [deterioration 1], [low MP
1]
}: 2/15 runes: serpentine, barnacled
a: Renounce Religion, Upheaval, Elemental Force, Disaster Area


You were on level 5 of the Abyss.
You worshipped Qazlal.
Qazlal was exalted by your worship.
You visited 7 branches of the dungeon, and saw 34 of its levels.
You visited the Abyss 3 times.
You also visited: Bailey and Gauntlet.

You collected 3442 gold pieces.
You spent 1486 gold pieces at shops.

Inventory:

Hand Weapons
 a - a +0 morningstar of protection (weapon)
 b - the +7 hand cannon "Mule" {flame, backblast, rF+}
   (You found it on level 4 of the Shoals)

   rF+:       It protects you from fire.
Missiles
 n - 4 throwing nets (quivered)
Armour
 c - a +2 pair of boots (worn)
 d - a +2 cloak of preservation (worn)
 h - a +2 kite shield of fire resistance (worn)
 m - a +2 helmet (worn)
 t - a +2 pair of gloves (worn)
 G - a +3 scale mail of fire resistance (worn)
Jewellery
 g - a ring of protection from cold (right hand)
 i - an amulet of magic regeneration
 q - an amulet of regeneration (around neck)
 R - a +6 ring of dexterity (left hand)
Talismans
 P - the dragon-blood talisman "Genarho" {rF+ SInv}
   (You took it off Bai Suzhen on level 3 of the Snake Pit)

   [dragon-blood talisman]

   rF+:       It protects you from fire.
   SInv:      It lets you see invisible.
Wands
 u - a wand of flame (7)
 v - a wand of mindburst (36)
 x - a wand of iceblast (27)
 y - a wand of acid (10)
 V - a wand of digging (13)
Scrolls
 e - a scroll of amnesia
 f - 5 scrolls of teleportation
 l - a scroll of summoning
 o - 6 scrolls of identify
 p - 3 scrolls of poison
 H - 3 scrolls of fog
 J - 3 scrolls of fear
 K - 3 scrolls of blinking
 M - 2 scrolls of silence
 N - 3 scrolls of revelation
Potions
 j - a potion of mutation
 k - 11 potions of curing
 r - 5 potions of enlightenment
 s - 4 potions of magic
 C - a potion of heal wounds
 D - 4 potions of cancellation
 E - a potion of resistance


   Skills:
 + Level 18.9 Fighting
 - Level 16.0 Maces & Flails
 - Level 3.7 Ranged Weapons
 - Level 0.2 Throwing
 + Level 17.5 Armour
 + Level 11.5 Dodging
 - Level 0.2 Stealth
 - Level 20.0 Shields
 + Level 14.7 Invocations
 + Level 8.3 Evocations


You had 17 spell levels left.
You knew the following spells:

 Your Spells              Type           Power      Damage    Failure   Level
a - Passwall              Erth           0%         N/A       95%         3

Your spell library contained the following spells:

 Spells                   Type           Power      Damage    Failure   Level
 Foxfire                  Conj/Fire      0%         2x1d4     67%         1
 Freeze                   Ice            0%         1d3       67%         1
 Kiss of Death            Conj/Necr      0%         2d5       67%         1
 Magic Dart               Conj           0%         1d3       67%         1
 Sandblast                Erth           0%         2d4       67%         1
 Blink                    Tloc           0%         N/A       80%         2
 Call Imp                 Summ           0%         N/A       80%         2
 Lesser Beckoning         Tloc           0%         N/A       80%         2
 Momentum Strike          Conj/Tloc      0%         3d8       80%         2
 Searing Ray              Conj           0%         2d4       80%         2
 Confusing Touch          Hex            0%         N/A       95%         3
 Dazzling Flash           Conj/Hex       0%         N/A       95%         3
 Frozen Ramparts          Ice            0%         1d1       95%         3
 Fugue of the Fallen      Necr           0%         N/A       95%         3
 Gell's Gravitas          Tloc           0%         N/A       95%         3
 Hailstorm                Conj/Ice       0%         3d5       95%         3
 Mephitic Cloud           Conj/Alch/Air  0%         N/A       95%         3
 Ozocubu's Armour         Ice            0%         N/A       95%         3
 Stone Arrow              Conj/Erth      0%         3d7       95%         3
 Teleport Other           Tloc           0%         N/A       95%         3
 Tukima's Dance           Hex            0%         N/A       95%         3
 Volatile Blastmotes      Fire/Tloc      0%         2d10      95%         3
 Anguish                  Hex/Necr       0%         N/A       100%        4
 Brom's Barrelling Bould  Conj/Erth      0%         2d3       100%        4
 Dispel Undead            Necr           0%         3d6       100%        4
 Fulminant Prism          Conj/Alch      0%         3d5       100%        4
 Iskenderun's Mystic Bla  Conj/Tloc      0%         2d3       100%        4
 Manifold Assault         Tloc           0%         N/A       100%        4
 Olgreb's Toxic Radiance  Alch           0%         N/A       100%        4
 Passage of Golubria      Tloc           0%         N/A       100%        4
 Alistair's Intoxication  Alch           0%         N/A       100%        5
 Borgnjor's Vile Clutch   Necr/Erth      0%         N/A       100%        5
 Curse of Agony           Necr           0%         N/A       100%        5
 Iskenderun's Battlesphe  Conj           0%         2d6       100%        5
 Silence                  Hex/Air        0%         N/A       100%        5
 Summon Mana Viper        Hex/Summ       0%         N/A       100%        5
 Bombard                  Conj/Erth      0%         9d1       100%        6
 Conjure Ball Lightning   Conj/Air       0%         3x3d6     100%        6
 Eringya's Noxious Bog    Alch           0%         4d6       100%        6
 Plasma Beam              Fire/Air       0%         2x1d10    100%        6
 Starburst                Conj/Fire      0%         6d3       100%        6
 Ozocubu's Refrigeration  Ice            0%         4d7       100%        7
 Spellforged Servitor     Conj/Summ      0%         N/A       100%        7
 Summon Hydra             Summ           0%         N/A       100%        7
 Discord                  Hex            0%         N/A       100%        8
 Disjunction              Tloc           0%         N/A       100%        8
 Lehudib's Crystal Spear  Conj/Erth      0%         10d2      100%        8
 Sublimation of Blood     Necr           Unusable   N/A       N/A         2

Dungeon Overview and Level Annotations

Branches:
Dungeon (15/15)            Temple (1/1) D:4            Lair (5/5) D:9
 Shoals (4/4) Lair:3        Snake (4/4) Lair:2        Slime (0/5) Lair:5
    Orc (2/2) D:10            Elf (3/3) Orc:2        Vaults (0/5) D:14
 Depths (0/4) D:15         Bailey (visited)         Gauntlet (visited)

Altars:
Ashenzari
Cheibriados
Dithmenos
Elyvilon
Fedhas
Gozag
Hepliaklqana
Kikubaaqudgha
Makhleb
Nemelex Xobeh
Okawaru
Qazlal
Ru
Sif Muna
Trog
Uskayaw
Vehumet
Wu Jian
Xom
Yredelemnul
Zin
The Shining One
Jiyva

Shops:
D:4 *   D:6 :   Orc:2 [:*(   Elf:2 ![=*   Shoals:1 [(   Shoals:3 (
Snake:1 ::?   Snake:2 *

Annotations:
D:4 exclusion: moth of wrath
D:7 3 runed translucent doors, hungryneko's ghost, novice GrFi
Lair:3 1 runed translucent door
Lair:5 exclusion: oklob plant
Snake:4 3 runed translucent doors, exclusion: obsidian statue, Ozzieoiler's ghost, adept MiFi
Elf:2 3 runed translucent doors


Innate Abilities, Weirdness & Mutations

You are immune to sickness and miasma.
Your stone body is resilient. (AC +16)
You are immune to poison.
Your large and strong wings let you fly.
You resist negative energy. (rN+)
You are resistant to electric shocks. (rElec)
You are resistant to unholy torment.
You are immune to petrification.
You are dopey. (Int -2)
You are weak. (Str -2)
You occasionally lose the ability to read scrolls when taking damage.
[You are clumsy. (Dex -2)]
[Your body sometimes deteriorates upon taking damage.]
[Your magical capacity is low. (-10% MP)]


Message History

You barely miss the profane servitor.
The profane servitor is lightly damaged.
You hear a horrible gurgling sound!
A spatial vortex comes into view.
The profane servitor barely misses you.
You block the profane servitor's attack.
Unknown command.
You bludgeon the profane servitor!!
The profane servitor is moderately damaged.
You block the profane servitor's attack.
The profane servitor hits you but does no damage.
You barely miss the profane servitor.
The profane servitor is moderately damaged.
You feel a little less mighty now.
A deafening chorus of shrieks assaults your mind!
* * * LOW HITPOINT WARNING * * *
You block the profane servitor's attack. x2
A starcursed mass splits.
You hear a trumpeting!
The profane servitor attacks as it pursues you!
The profane servitor hits you but does no damage.
You block the profane servitor's attack.
A starcursed mass splits.
A deafening chorus of shrieks assaults your mind!
* * * LOW HITPOINT WARNING * * *
You suddenly lose the ability to move!
You hear a trumpeting! x2
You can move again.
You hear a horrible gurgling sound!
The profane servitor is engulfed in blazing flames.
You block the profane servitor's attack. x2
A deafening chorus of shrieks assaults your mind!
* * * LOW HITPOINT WARNING * * *
The profane servitor is engulfed in blazing flames.
The profane servitor closely misses you.
The profane servitor hits you but does no damage.
You hear a roar!
You hear an angry hiss.
You hear a trumpeting!
You hear a horrible gurgling sound!
A deafening chorus of shrieks assaults your mind!
You die...

φ . #§ .#. #§ ..
##. ##≈.### .##..#
##§.§#.##.....#
##§..⌠.......#
###§.. #@#○°#####
≈≈≈..⌠≈###A°.....#
....⌠≈..X°°#....##
.#.....#○........
#.....#.X°X..#.#
.....##XX.X.# #
.#. # .X#..X# ._ #
. ##'..## . ..
##..#


You could see a profane servitor and 7 starcursed masses.

Vanquished Creatures
  Bai Suzhen (Snake:3)
  Vashnia (Snake:3)
  Nikola (Snake:3)
  Jorgrun (Snake:2)
  2 liches (Abyss:4)
  A titan (Shoals:4)
  An Executioner (Abyss:3)
  Polyphemus (Shoals:1)
  Agnes (Snake:2)
  Gastronok (Lair:2)
  8 tentacled starspawn
  Kirke (Lair:3)
  10 nagarajas
  A storm dragon (Abyss:4)
  Roxanne (Elf:2)
  A draconian shifter (Abyss:3)
  2 draconian scorchers
  An orc warlord (Orc:2)
  A deep elf elementalist (Elf:2)
  A very ugly thing (Abyss:3)
  A lorocyproca (Abyss:3)
  2 deep elf death magi
  A dire elephant (Lair:5)
  A deep elf demonologist (Elf:2)
  A minotaur (Gauntlet)
  2 fire dragons (D:15)
  2 green deaths (Abyss:3)
  13 merfolk impalers
  An entropy weaver (shapeshifter) (D:15)
  A blizzard demon (Abyss:3)
  A great orb of eyes (Abyss:3)
  5 merfolk javelineers
  A rakshasa (Abyss:3)
  5 hydras
  Harold (D:11)
  2 ogre magi
  8 vault guards (D:14)
  11 anacondas
  A merfolk avatar (Shoals:1)
  Erolcha (D:11)
  2 salamander tyrants
  8 merfolk aquamancers
  4 centaur warriors
  24 dancing weapons
  An alligator snapping turtle (Shoals:3)
  24 naga warriors
  A death knight (D:14)
  5 boulder beetles
  A deep troll shaman (Lair:5)
  2 catoblepae
  13 two-headed ogres
  A hell hog (Abyss:3)
  4 orc high priests
  10 death yaks
  A shock serpent (Snake:3)
  3 tengu warriors
  A demonic crawler (Abyss:3)
  17 naga sharpshooters
  Nergalle (Orc:2)
  A thrashing horror (Abyss:3)
  A vampire mage (Abyss:3)
  Sonja (Lair:2)
  8 skysharks
  17 deep elf knights
  A sixfirhy (Abyss:3)
  Amaemon (Lair:1)
  3 sun demons
  5 skeletal warriors
  4 wretched stars (Abyss:3)
  2 salamander mystics (Snake:3)
  9 mana vipers (Snake:2)
  27 sea snakes
  2 flayed ghosts
  11 deep elf archers
  9 naga ritualists
  A glowing orange brain (Abyss:3)
  26 deep elf zephyrmancers
  An arcanist (D:9)
  A golden dragon skeleton (Abyss:3)
  15 harpies
  3 orc knights (Orc:2)
  15 large abominations
  A lindwurm (Lair:5)
  13 deep elf pyromancers
  2 phantasmal warriors (D:14)
  20 starcursed masses (Abyss:3)
  5 orc sorcerers
  16 manticores
  10 ugly things
  9 salamanders
  A draconian (Abyss:4)
  A shining eye (Abyss:3)
  7 cyclopes
  3 worldbinders (Abyss:3)
  7 merfolk sirens
  Joseph (D:10)
  10 guardian serpents
  14 naga magi
  29 black mambas
  33 elephants
  2 black mambas (shapeshifter)
  7 kobold blastminers
  7 water nymphs
  3 gargoyles
  10 cane toads
  2 orange demons
  3 smoke demons (Abyss:3)
  A naga skeleton (Abyss:3)
  4 rime drakes
  2 unseen horrors
  2 efreet (Abyss:4)
  3 kobold demonologists
  12 komodo dragons
  4 tengu conjurers
  4 freezing wraiths
  27 merfolk
  5 ancient zymes
  9 trolls
  2 hornets
  2 polar bears
  A silent spectre (Abyss:3)
  9 wind drakes
  27 raiju (Abyss:3)
  11 blink frogs
  10 dream sheep
  5 snapping turtles
  6 slime creatures (D:15)
  A shadow (D:13)
  5 air elementals
  8 wyverns
  A yak (shapeshifter) (D:14)
  5 wraiths
  26 water elementals
  2 vampires
  63 yaks
  4 ynoxinuls
  A centaur simulacrum (D:14)
  A neqoxec (Abyss:4)
  11 basilisks
  2 wargs (Orc:2)
  3 fire elementals
  A golden eye (Abyss:3)
  4 hogs
  A steam dragon (D:8)
  4 chaos spawn
  5 vampire mosquitoes
  A redback (shapeshifter) (D:15)
  A harpy simulacrum (Abyss:3)
  46 nagas
  17 small abominations
  11 water moccasins
  An acid dragon (D:12)
  3 hell hounds
  3 ice beasts
  3 black bears (Lair:5)
  26 orc warriors
  16 laughing skulls (Abyss:3)
  A sky beast (D:8)
  10 ogres
  9 wolves
  6 centaurs
  A phantom (D:4)
  7 kobold brigands
  18 bullfrogs
  2 brain worms (Abyss:3)
  A gnoll sergeant (D:11)
  2 scorpions
  7 earth elementals
  4 wights (D:10)
  10 killer bees
  8 vampire bats (Bailey)
  7 electric eels
  5 howler monkeys
  7 wolf zombies (Bailey)
  3 crimson imps (D:3)
  A quasit (Abyss:3)
  12 orc priests
  8 jellies
  8 hounds
  3 iron imps (Gauntlet)
  A sleepcap (D:4)
  11 hell rats
  An iguana (D:5)
  24 orc wizards
  8 adders
  18 orc zombies (Bailey)
  4 gnolls
  A shadow imp (D:7)
  2 white imps
  7 ufetubi
  2 dart slugs
  4 ribbon worms
  78 orcs
  6 endoplasms
  2 giant cockroaches
  9 goblins
  5 hobgoblins
  6 jackals
  11 quokkas
  12 ball pythons
  8 bats
  A frilled lizard (D:1)
  29 kobolds
  8 rats
  A lurking horror (Abyss:3)
  A spectral weapon (Snake:2)
  9 starspawn tentacles
1433 creatures vanquished.

Vanquished Creatures (collateral kills)
  A merfolk aquamancer (Shoals:1)
  A water nymph (Shoals:1)
2 creatures vanquished.

Vanquished Creatures (others)
  A two-headed ogre (shapeshifter) (Elf:3)
  4 deep elf knights
  A deep elf archer (Elf:2)
  An orc sorcerer (Orc:1)
  2 deep elf zephyrmancers
  A salamander (Snake:3)
  A draconian (Abyss:4)
  2 water elementals
  2 nagas
  A laughing skull (Abyss:3)
  A small abomination (Abyss:3)
  An orc wizard (Orc:1)
  A white imp (Abyss:3)
  2 orcs
  5 lurking horrors (Abyss:3)
  13 starspawn tentacles
39 creatures vanquished.

Grand Total: 1474 creatures vanquished

Notes
Turn   | Place    | Note
-------+----------+-------------------------------------------
     0 | D:1      | malesh the Gargoyle Fighter began the quest for the Orb.
     0 | D:1      | Reached XP level 1. HP: 14/14 MP: 1/1
    71 | D:1      | Reached XP level 2. HP: 14/20 MP: 2/2
   283 | D:1      | Reached XP level 3. HP: 22/24 MP: 3/3
   740 | D:2      | Found Fowydaodgheh's Jewellery Shop.
  1236 | D:2      | Reached XP level 4. HP: 17/29 MP: 4/4
  1778 | D:3      | Found a shimmering altar of Xom.
  1797 | D:3      | Reached XP level 5. HP: 32/33 MP: 5/5
  1870 | D:3      | Reached skill level 1 in Dodging
  2117 | D:3      | Reached XP level 6. HP: 38/38 MP: 6/6
  2364 | D:4      | Reached skill level 4 in Shields
  2388 | D:4      | Found Acecyk's General Store.
  2407 | D:4      | Bought a potion of heal wounds for 60 gold pieces
  2417 | D:4      | Found a staircase to the Ecumenical Temple.
  2445 | D:4      | Reached skill level 5 in Maces & Flails
  2534 | Temple   | Entered the Ecumenical Temple
  2687 | D:4      | Noticed a moth of wrath
  2690 | D:4      | Found a bloodstained altar of Trog.
  2832 | D:4      | Reached XP level 7. HP: 44/44 MP: 7/7
  3173 | D:4      | Found a radiant altar of Vehumet.
  3181 | D:4      | Found a stormy altar of Qazlal.
  3181 | D:4      | Found a shadowy altar of Dithmenos.
  3182 | D:4      | Found a glowing golden altar of the Shining One.
  3254 | D:4      | Became a worshipper of Qazlal Stormbringer
  3475 | D:5      | Entered Level 5 of the Dungeon
  3475 | D:5      | Noticed a yak
  3478 | D:5      | Noticed a yak
  3479 | D:5      | Noticed a yak
  3480 | D:5      | Noticed a yak
  3486 | D:4      | Killed a yak
  3853 | D:5      | Noticed a yak
  3874 | D:4      | Killed a yak
  3875 | D:4      | Reached skill level 5 in Fighting
  3875 | D:4      | Reached XP level 8. HP: 46/49 MP: 8/8
  3879 | D:4      | Killed a yak
  3917 | D:4      | Killed a yak
  3923 | D:4      | Killed a yak
  3924 | D:4      | Reached skill level 5 in Armour
  3996 | D:6      | Found a shimmering blue altar of Sif Muna.
  4124 | D:6      | Identified the +6 rapier of Focus {venom, Fly Str+6}
  4139 | D:6      | Found Laemumog's Book Boutique.
  4229 | D:4      | Bought a scroll of enchant armour for 90 gold pieces
  4511 | D:6      | Reached XP level 9. HP: 55/55 MP: 9/9
  4547 | D:6      | Reached * piety under Qazlal
  4553 | D:6      | Reached skill level 5 in Shields
  5138 | D:7      | Found an opulent altar of Gozag.
  5143 | D:7      | Found a snail-covered altar of Cheibriados.
  5295 | D:7      | Reached skill level 10 in Maces & Flails
  5312 | D:7      | Reached ** piety under Qazlal
  5335 | D:7      | Noticed a troll
  5343 | D:7      | Killed a troll
  5442 | D:7      | Noticed a spectral unseen horror
  5444 | D:7      | Found a runed translucent gate.
  5445 | D:7      | Found a runed translucent gate.
  5445 | D:7      | Found a runed translucent gate.
  5447 | D:7      | Noticed hungryneko's ghost (novice GrFi)
  5819 | D:8      | Identified the +6 sling "Beetleslayer" {speed, rC+++}
  5828 | D:8      | Reached skill level 6 in Shields
  5840 | D:8      | Reached XP level 10. HP: 58/61 MP: 10/10
  6073 | D:8      | Found a flagged portal.
  6080 | Bailey   | Entered a bailey
  6312 | Bailey   | Noticed a gargoyle
  6331 | Bailey   | Killed a gargoyle
  6379 | Bailey   | Reached *** piety under Qazlal
  6872 | D:8      | Identified the +1 leather armour of the Little Devil {rC++
                  | rN+ Int+4}
  7199 | D:9      | Noticed a death yak
  7199 | D:9      | Noticed a death yak
  7200 | D:9      | Found a staircase to the Lair.
  7201 | D:9      | Noticed a death yak
  7222 | D:8      | Killed a death yak
  7223 | D:8      | Reached skill level 7 in Shields
  7422 | D:9      | Killed a death yak
  7534 | D:9      | Noticed a two-headed ogre
  7557 | D:9      | Killed a two-headed ogre
  7558 | D:9      | Reached skill level 1 in Ranged Weapons
  7558 | D:9      | Reached XP level 11. HP: 49/68 MP: 11/11
  7773 | D:8      | Killed a death yak
  8108 | D:9      | Noticed an arcanist
  8120 | D:9      | Killed an arcanist
  8124 | D:9      | Noticed a large abomination
  8124 | D:9      | Noticed a large abomination
  8124 | D:9      | Noticed a large abomination
  8124 | D:9      | Noticed a large abomination
  8157 | D:9      | Killed a large abomination
  8158 | D:9      | Reached skill level 8 in Shields
  8159 | D:9      | Noticed a large abomination
  8171 | D:9      | Killed a large abomination
  8190 | D:9      | Killed a large abomination
  8196 | D:9      | Reached **** piety under Qazlal
  8233 | D:9      | Killed a large abomination
  8276 | D:9      | Killed a large abomination
  8378 | Lair:1   | Entered Level 1 of the Lair of Beasts
  8475 | Lair:1   | Reached XP level 12. HP: 72/76 MP: 12/12
  8568 | Lair:1   | Noticed Amaemon
  8590 | Lair:1   | Killed Amaemon
  8635 | Lair:1   | Noticed a boulder beetle
  8676 | Lair:1   | Killed a boulder beetle
  8677 | Lair:1   | Reached skill level 9 in Shields
  8971 | Lair:1   | Reached skill level 10 in Fighting
  8991 | Lair:1   | Reached ***** piety under Qazlal
  9245 | Lair:1   | Reached skill level 10 in Shields
  9275 | Lair:1   | Noticed a boulder beetle
  9284 | Lair:1   | Killed a boulder beetle
  9300 | Lair:1   | Reached skill level 15 in Maces & Flails
  9310 | Lair:1   | Reached XP level 13. HP: 83/83 MP: 13/13
  9583 | Lair:2   | Noticed Gastronok
  9605 | Lair:2   | Killed Gastronok
  9765 | Lair:2   | Found a staircase to the Snake Pit.
  9780 | Lair:2   | Noticed Sonja
  9850 | Lair:2   | Killed Sonja
 10586 | Lair:3   | Found a runed translucent door.
 11092 | Lair:3   | Found a staircase to the Shoals.
 11563 | Lair:4   | Reached skill level 11 in Shields
 11581 | Lair:4   | Noticed Kirke
 11901 | Lair:3   | Killed Kirke
 12003 | Lair:4   | Reached skill level 5 in Dodging
 12003 | Lair:4   | Gained mutation: Your large and strong wings let you fly.
                  | [Gargoyle growth]
 12003 | Lair:4   | Reached XP level 14. HP: 91/91 MP: 14/14
 12071 | Lair:4   | Identified the +2 rapier of Honesty {drain, rF+ Dex+2}
 12455 | Lair:5   | Entered Level 5 of the Lair of Beasts
 12536 | Lair:5   | Reached skill level 12 in Shields
 12818 | Lair:5   | Reached ****** piety under Qazlal
 13020 | Lair:5   | Reached skill level 10 in Armour
 13083 | Lair:5   | Reached skill level 1 in Invocations
 13200 | Lair:5   | Reached skill level 13 in Shields
 13378 | Lair:5   | Noticed a dire elephant
 13399 | Lair:5   | Killed a dire elephant
 13498 | Lair:5   | Found a staircase to the Slime Pits.
 13498 | Lair:5   | Found a viscous altar of Jiyva.
 13573 | Lair:5   | Reached XP level 15. HP: 98/98 MP: 17/17
 13904 | D:6      | Bought a manual of Armour for 880 gold pieces
 13950 | D:6      | Learned a level 3 spell: Passwall
 14636 | D:10     | Entered Level 10 of the Dungeon
 14714 | D:10     | Noticed Joseph
 14723 | D:10     | Killed Joseph
 15087 | D:10     | Found a burning altar of Makhleb.
 15388 | D:10     | Found a hazy altar of Hepliaklqana.
 15452 | D:10     | Found a staircase to the Orcish Mines.
 15477 | Orc:1    | Entered Level 1 of the Orcish Mines
 15688 | Orc:2    | Entered Level 2 of the Orcish Mines
 15742 | Orc:2    | Reached skill level 14 in Shields
 15768 | Orc:2    | Reached skill level 5 in Invocations
 16080 | Orc:2    | Found Lag Lituula's Antique Armour Shoppe.
 16080 | Orc:2    | Noticed an orc warlord
 16249 | Orc:2    | Paralysed by something for 4 turns
 16307 | Orc:2    | HP: 3/100 [orc warlord/+2 war axe of flaming (5)]
 16313 | Orc:2    | Killed an orc warlord
 16357 | Orc:2    | Noticed Nergalle
 16371 | Orc:2    | Killed Nergalle
 16494 | Orc:2    | Found a staircase to the Elven Halls.
 16566 | Orc:2    | Found Ryorch's Book Shoppe.
 16698 | Orc:2    | Found Kaotsat's Antique Weapon Shoppe.
 16713 | Orc:2    | Found Qoreak's General Store.
 16720 | Orc:2    | Bought a potion of berserk rage for 90 gold pieces
 16720 | Orc:2    | Bought a scroll of identify for 36 gold pieces
 17264 | Orc:1    | Gained mutation: You are dopey. (Int -2) [a neqoxec]
 17286 | Orc:1    | Paralysed by an orc sorcerer for 3 turns
 17581 | D:11     | Noticed Harold
 17601 | D:11     | Noticed Erolcha
 17603 | D:11     | Killed Harold
 17610 | D:11     | Killed Erolcha
 17661 | D:11     | Found a gate leading to a gauntlet.
 17677 | Gauntlet | Entered a Gauntlet
 17677 | Gauntlet | Found a transporter.
 17677 | Gauntlet | Found a transporter.
 17688 | Gauntlet | Found a transporter.
 17692 | Gauntlet | Found a transporter.
 17701 | Gauntlet | Found a transporter.
 17704 | Gauntlet | Found a transporter.
 17712 | Gauntlet | Found a transporter.
 17730 | Gauntlet | Found a runed translucent door.
 17733 | Gauntlet | Found a transporter.
 17736 | Gauntlet | Found a runed translucent door.
 17750 | Gauntlet | Found a transporter.
 17754 | Gauntlet | Found a transporter.
 17766 | Gauntlet | Found a transporter.
 17767 | Gauntlet | Found a transporter.
 18111 | D:11     | Reached skill level 15 in Shields
 18939 | D:13     | Reached XP level 16. HP: 106/106 MP: 20/20
 19211 | D:13     | Found a shadowy altar of Dithmenos.
 20125 | D:14     | Reached skill level 16 in Shields
 20687 | D:14     | Found a gate to the Vaults.
 20855 | D:15     | Entered Level 15 of the Dungeon
 20901 | D:15     | Identified the +7 spear of Deul {freeze, Dex+3 SInv}
 21184 | D:15     | Reached skill level 15 in Fighting
 21346 | D:15     | Found a staircase to the Depths.
 21591 | Snake:1  | Entered Level 1 of the Snake Pit
 21727 | Snake:1  | Found Zeopnij's Self-Published Books.
 22022 | Snake:1  | Found Letrewk's Magic Scroll Emporium.
 22032 | Snake:1  | Bought a scroll of identify for 26 gold pieces
 22032 | Snake:1  | Bought a scroll of identify for 26 gold pieces
 22032 | Snake:1  | Bought a scroll of enchant armour for 97 gold pieces
 22032 | Snake:1  | Bought a scroll of teleportation for 39 gold pieces
 22176 | Snake:1  | Found Foicism's Book Emporium.
 22403 | Snake:2  | Reached skill level 17 in Shields
 22403 | Snake:2  | Reached XP level 17. HP: 110/113 MP: 15/23
 22665 | Snake:2  | Noticed Jorgrun
 22673 | Snake:2  | Found Puinep's General Store.
 22704 | Snake:2  | Killed Jorgrun
 23534 | Snake:3  | Noticed Nikola
 23557 | Snake:3  | Killed Nikola
 23558 | Snake:3  | Reached skill level 18 in Shields
 23584 | Snake:3  | Noticed Agnes
 23652 | Snake:2  | Killed Agnes
 24077 | Snake:3  | Reached skill level 10 in Invocations
 24244 | Snake:3  | Identified the dragon-blood talisman "Genarho" {rF+ SInv}
 24244 | Snake:3  | Noticed Bai Suzhen
 24360 | Snake:3  | Killed Bai Suzhen
 24464 | Snake:3  | Noticed Vashnia
 24904 | Snake:3  | Killed Vashnia
 25001 | Snake:4  | Entered Level 4 of the Snake Pit
 25147 | Snake:3  | Reached XP level 18. HP: 119/120 MP: 25/25
 25171 | Snake:3  | Reached skill level 19 in Shields
 25540 | Snake:4  | Identified the +0 leather armour of Vanity {Dex+2}
 25584 | Snake:4  | Found a runed translucent gate.
 25584 | Snake:4  | Found a runed translucent gate.
 25584 | Snake:4  | Found a runed translucent gate.
 25584 | Snake:4  | Found a sacrificial altar of Ru.
 25585 | Snake:4  | Found an opulent altar of Gozag.
 25585 | Snake:4  | Noticed Ozzieoiler's ghost (adept MiFi)
 25895 | Snake:4  | Reached skill level 20 in Shields
 25969 | Snake:4  | Got a serpentine rune of Zot
 26575 | Shoals:1 | Entered Level 1 of the Shoals
 26671 | Shoals:1 | Reached skill level 1 in Evocations
 26983 | Shoals:1 | Found Yckaf's Weapon Shop.
 27271 | Shoals:1 | Found Yfal's Antique Armour Emporium.
 27647 | Shoals:1 | Reached XP level 19. HP: 118/127 MP: 27/27
 27706 | Shoals:2 | Noticed Polyphemus
 27773 | Shoals:1 | Killed Polyphemus
 28049 | Shoals:2 | Identified the +1 ring mail "Mapodora" {rPois rF+ rN+
                  | Dex+4}
 28895 | Shoals:3 | Found a glacial archway.
 29119 | Shoals:3 | Found Birreis's Antique Weapon Shop.
 29369 | Shoals:4 | Entered Level 4 of the Shoals
 29383 | Shoals:4 | Paralysed by an air elemental for 1 turns
 29390 | Shoals:4 | Paralysed by an air elemental for 1 turns
 29395 | Shoals:4 | Paralysed by an air elemental for 1 turns
 29439 | Shoals:4 | Paralysed by an air elemental for 1 turns
 29444 | Shoals:4 | Paralysed by an air elemental for 1 turns
 29458 | Shoals:4 | Reached skill level 15 in Armour
 29847 | Shoals:4 | Reached skill level 5 in Evocations
 29995 | Shoals:4 | Reached skill level 10 in Dodging
 30148 | Shoals:4 | Found the +7 hand cannon "Mule" {flame, backblast, rF+}
 30160 | Shoals:4 | Got a barnacled rune of Zot
 30180 | Shoals:4 | Got the Tome of Fascination
 30695 | Elf:1    | Entered Level 1 of the Elven Halls
 30724 | Elf:1    | Found a radiant altar of Vehumet.
 30987 | Elf:1    | Reached XP level 20. HP: 136/136 MP: 29/29
 32107 | Elf:2    | Found Ukuwkije's Antique Armour Emporium.
 32112 | Elf:2    | Found Favaqakh's General Store.
 32112 | Elf:2    | Found Sykulaxt's Distillery.
 32203 | Elf:2    | Found Otamelat's Jewellery Shoppe.
 32216 | Elf:2    | Bought a scroll of identify for 30 gold pieces
 32216 | Elf:2    | Bought a scroll of enchant armour for 112 gold pieces
 32508 | Elf:2    | Found a runed translucent gate.
 32509 | Elf:2    | Found a runed translucent gate.
 32509 | Elf:2    | Found a runed translucent gate.
 32534 | Abyss:3  | Cast into level 3 of the Abyss (a deep elf demonologist)
 32543 | Abyss:3  | Found a corrupted altar of Lugonu.
 32608 | Elf:2    | Escaped the Abyss
 32663 | Elf:2    | Noticed Roxanne
 32824 | Elf:2    | Killed Roxanne
 32909 | Elf:3    | Entered Level 3 of the Elven Halls
 32911 | Elf:3    | Found a shimmering blue altar of Sif Muna.
 32926 | Elf:3    | Paralysed by an air elemental for 1 turns
 32932 | Elf:2    | Paralysed by an air elemental for 1 turns
 32941 | Elf:2    | Paralysed by an air elemental for 1 turns
 32948 | Elf:2    | Paralysed by an air elemental for 1 turns
 33130 | Abyss:3  | Cast into level 3 of the Abyss (a ghostly deep elf
                  | demonologist)
 33781 | Elf:3    | Escaped the Abyss
 33815 | Abyss:3  | Cast into level 3 of the Abyss (a ghostly deep elf
                  | demonologist)
 33935 | Abyss:3  | Noticed a bone dragon
 33993 | Abyss:3  | Reached XP level 21. HP: 134/142 MP: 31/31
 34432 | Abyss:3  | Gained mutation: You are weak. (Str -2) [a shining eye]
 34437 | Abyss:3  | Gained mutation: You occasionally lose the ability to read
                  | scrolls when taking damage. [a shining eye]
 34463 | Abyss:3  | Paralysed by accursed screaming for 1 turns
 34678 | Abyss:4  | Found a corrupted altar of Lugonu.
 34732 | Abyss:4  | Found a transporter.
 34809 | Abyss:5  | Found a corrupted altar of Lugonu.
 34821 | Abyss:5  | Noticed a profane servitor
 34827 | Abyss:5  | HP: 3/143 [profane servitor/+2 demon whip (6)]
 34833 | Abyss:5  | Paralysed by accursed screaming for 1 turns
 34835 | Abyss:5  | Killed from afar by a starcursed mass

Illustrated notes

Levels and vault maps discovered:
D:1:      reono_arrival_mine, layout_basic, minmay_heptomino_o4
D:2:      layout_basic, serial_shops, shop, roderic_roman_lattice
D:3:      layout_loops_corners, led_xom_imps
D:4:      layout_basic, minitemple, tgw_trog, minmay_temple_entry_antechambers,
          serial_shops, shop, lightli_corner_chamber
D:5:      layout_rooms
D:6:      cheibrodos_barr_body, layout_cave_pools, mainiacjoe_overflow_catwalk,
          serial_shops, nicolae_square_shop
D:7:      layout_basic, mainiacjoe_overflow_big_doors,
          gammafunk_ghost_necromancy, minmay_misc_feat_diagonals, minmay_bent
D:8:      layout_gridville, enter_bailey_2, serial_co_window_serial,
          co_window_paths_a, co_window_corner_a, co_window_paths_a,
          co_window_corner_a, co_window_paths_b, co_window_unsneaky_path_e,
          co_window_broadway_a, co_window_paths_c, co_window_sun,
          co_window_4corner_b, glass_columns_b, glass_columns_b,
          glass_columns_a, glass_columns_a, glass_columns_b,
          dreamdust_wishing_well
D:9:      cheibrodos_helix_gallery, layout_small_grid, dpeg_lair_monsters,
          laboratory
D:10:     layout_loops_cross, makhleb_altar_promises_db,
          lemuel_coloured_pillars_altar, uniq_joseph
D:11:     layout_rooms, gauntlet_entry_generic, uniq_harold, uniq_erolcha
D:12:     layout_big_octagon, kennysheep_cross_room
D:13:     layout_cave_pools, grunt_dithmenos_shadows
D:14:     layout_basic, erik_vaults_2, small_statue_intersection
D:15:     grunt_enter_depths_hoard, layout_rooms,
          hangedman_abyss_or_decor_passed
Temple:   nicolae_temple_ecumenical_triangle
Lair:1:   layout_regular_city, nzn_random_ring, uniq_amaemon
Lair:2:   layout_cave_pods, minmay_snake_entry_guardpost_medium,
          grunt_megastairs_2, uniq_gastronok, uniq_sonja
Lair:3:   layout_big_grid, minmay_shoals_entry_hut, dreamdust_mushroom_princess,
          pf_torpor_hydra
Lair:4:   layout_regular_city, minivault_26, lemuel_old_faithful, uniq_kirke
Lair:5:   grunt_lair_end_beastmaster, layout_cave_pods,
          nicolae_slime_entry_field_trip, special_room
          [special_room_mythical_zoo], lemuel_fruit_tree
Shoals:1: layout_shoals, serial_shops, shop, shop,
          nicolae_shoals_circle_sea_wall, st_sunken_huts
Shoals:2: cheibrodos_shoals_three_sisters, layout_shoals,
          nicolae_shoals_sun_and_surf, uniq_polyphemus
Shoals:3: layout_shoals, serial_shops, shop, portal_ice_cave_entry_ugly_swarm
Shoals:4: shoals_end_hellmonk_storm_palace [storm_palace_center_ruins,
          storm_palace_corner_narrow, storm_palace_corner_blocked,
          storm_palace_corner_grid, storm_palace_corner_pillars], serial_shops
Snake:1:  layout_onion, serial_shops, shop, nicolae_book_shop_shelving,
          grunt_ministairs_15, nicolae_custom_books, serial_bayou_lake_a
Snake:2:  nicolae_snake_nest, layout_cave_pods, serial_shops,
          nicolae_shop_tiny_waterfront, uniq_jorgrun
Snake:3:  layout_gridlike, serial_bayou_ford_a, uniq_vashnia, uniq_agnes,
          uniq_bai_suzhen, uniq_nikola
Snake:4:  grunt_snake_rune_serpentine_throne, layout_cave_town, basic_altar,
          ebering_ghost_gozag
Orc:1:    layout_caves
Orc:2:    grunt_orc_cross, layout_caves
Elf:1:    eino_elf_arrival_altar, layout_gridlike, minivault_28
Elf:2:    nicolae_elf_blades_crystal_corner, layout_geoelf_grid,
          minmay_shoptagon, uniq_roxanne, uniq_louise
Elf:3:    minmay_elf_hall_curves, layout_rooms, basic_altar,
          nicolae_elf_deep_mausoleum
Abyss:5:  base: Depths:3, evilmike_abyss_exit_1,
          evilmike_abyss_rune_elephants_shrine, evilmike_abyss_exit_7

Skill      XL: |  1  2  3  4  5  6  7  8  9 10 11 12 13 14 15 16 17 18 19 20 21 |
---------------+----------------------------------------------------------------+-----
Maces & Flails | 4 5 7 8 10 12 13 15 16 | 16.0
Fighting       | 4 5 6 8 9 10 11 13 14 15 16 17 18 | 18.9
Dodging        | 1 2 3 5 6 7 8 9 10 11 | 11.5
Shields        | 4 6 7 8 10 11 13 15 17 18 20 | 20.0
Armour         | 4 5 6 7 8 9 10 11 12 13 16 17 | 17.5
Ranged Weapons | 1 2 3 |  3.7
Invocations    | 3 6 8 10 11 13 14 | 14.7
Evocations     | 2 5 7 8 |  8.3
Throwing       | |  0.2
Stealth        | |  0.2

Action                     |  1- 3 |  4- 6 |  7- 9 | 10-12 | 13-15 | 16-18 | 19-21 || total
---------------------------+-------+-------+-------+-------+-------+-------+-------++-------
  Melee: Flail             |   186 |   219 |       |       |       |       |       ||   405
         Morningstar       |       |    14 |   376 |   823 |  1497 |  2040 |  2465 ||  7215
   Fire: Sling             |       |       |       |    19 |    26 |       |       ||    45
         Hand cannon       |       |       |       |       |       |       |     5 ||     5
  Throw: Throwing net      |       |       |     1 |     1 |     1 |     1 |       ||     4
 Invoke: Elemental Force   |       |       |       |       |       |       |     1 ||     1
  Evoke: Wand              |       |       |       |       |     1 |       |       ||     1
    Use: Scroll            |       |     4 |     5 |     4 |     9 |    14 |     9 ||    45
         Potion            |       |       |       |     2 |     6 |     2 |     8 ||    18
   Stab: Petrified         |       |       |       |       |     7 |       |     2 ||     9
         Held in net/web   |       |       |       |       |       |     1 |       ||     1
 Armour: Scale mail        |   173 |    23 |       |       |   877 |   949 |  1230 ||  3252
         Chain mail        |       |   122 |   334 |   512 |     3 |       |       ||   971
  Dodge: Dodged            |   120 |    88 |   147 |   237 |   519 |   483 |   753 ||  2347
         Repelled          |       |       |       |       |    13 |    61 |    57 ||   131
  Block: Buckler           |    41 |    55 |   124 |   367 |   965 |   102 |       ||  1654
         Kite shield       |       |       |       |       |       |  2103 |  2481 ||  4584
